 Dungeon Crawl Stone Soup version 0.26.1-11-gd32895ea62 (webtiles) character file.

Game seed: 12587005540419503329

312 Zeld the Chucker (level 6, -4/42 HPs)
             Began as an Octopode Fighter on May 11, 2021.
             Blown up by Ijyb (33 damage)
             ... with a disintegration bolt
             ... on level 3 of the Dungeon.
             The game lasted 00:10:18 (3434 turns).

Zeld the Chucker (Octopode Fighter)                 Turns: 3434, Time: 00:10:18

Health: -4/42      AC:  1    Str: 17    XL:     6   Next: 42%
Magic:  20/20      EV: 11    Int: 11    God:
Gold:   92         SH:  9    Dex: 11    Spells: 12/12 levels left

rFire    . . .     SeeInvis .   a - +0 hand axe
rCold    . . .     Faith    .   b - +0 kite shield
rNeg     . . .     Spirit   .   (helmet restricted)
rPois    .         Reflect  .   g - amulet of the acrobat
rElec    .         Harm     .   (no ring)
rCorr    .         Rampage  .   q - ring of magical power
Will     .....                  (no ring)
Stlth    ++........             (no ring)
HPRegen  0.14/turn              (no ring)
MPRegen  0.17/turn              (no ring)
                                (no ring)
                                (no ring)

@: no status effects
A: almost no armour, stealthy swim, amphibious, 8 rings, constrict 8, camouflage
1, gelatinous body 1
a: no special abilities


You were on level 3 of the Dungeon.
You visited 1 branch of the dungeon, and saw 3 of its levels.

You collected 92 gold pieces.

Inventory:

Hand Weapons
 a - a +0 hand axe (weapon)
Missiles
 n - 19 poisoned darts (quivered)
 o - 5 boomerangs
Armour
 b - a +0 kite shield (worn)
Jewellery
 c - an uncursed ring of willpower {unknown}
 g - an amulet of the acrobat (around mantle)
 q - a ring of magical power (right tentacle)
Wands
 r - a wand of random effects (14)
 s - a wand of iceblast (6)
Scrolls
 f - 3 scrolls of teleportation
 m - 3 scrolls of remove curse
Potions
 d - 2 potions of brilliance
 e - a potion of haste
 h - a potion of attraction {unknown}
 i - 2 potions of mutation {unknown}
 j - a potion of berserk rage {unknown}
 k - a potion of might
 l - a potion of curing {unknown}


   Skills:
 - Level 3.2 Fighting
 - Level 1.0 Axes
 * Level 3.9 Throwing
 - Level 3.0 Dodging
 - Level 3.2 Shields
 - Level 2.0 Unarmed Combat
 * Level 3.5 Spellcasting


You had 12 spell levels left.
You didn't know any spells.
Your spell library was empty.

Dungeon Overview and Level Annotations

Branches:
Dungeon (3/15)

Altars:
Nemelex Xobeh

Annotations:
D:3 Ijyb


Innate Abilities, Weirdness & Mutations

You cannot wear most types of armour.
You are very stealthy in the water. (Stealth+)
You are amphibious.
You can wear up to eight rings at the same time.
You can use your tentacles to constrict eight enemies at once.
Your skin changes colour to match your surroundings (Stealth+).
Your rubbery body absorbs attacks. (AC +1, EV +1)


Message History

Ijyb is nearby!
Ijyb shouts!
Ijyb completely misses you.
You closely miss Ijyb. Your grab misses Ijyb. Ijyb hits you but does no damage.
You hit Ijyb but do no damage. Your grab misses Ijyb.
Ijyb screams, "It's all mine!"
Ijyb barely misses you.
You closely miss Ijyb. Your grab misses Ijyb. You block Ijyb's attack. x2
You barely miss Ijyb. Your grab misses Ijyb.
You squeeze Ijyb, but do no damage.
Ijyb zaps a wand.
You barely resist. You closely miss Ijyb. Your grab misses Ijyb.
Ijyb closely misses you.
You closely miss Ijyb. Your grab misses Ijyb. Ijyb hits you. x2
You hit Ijyb but do no damage. Your grab misses Ijyb. Ijyb misses you.
You closely miss Ijyb. Your grab misses Ijyb. Your squeeze misses Ijyb.
Ijyb zaps a wand.
You are blasted!
You hit Ijyb. Your grab misses Ijyb.
Ijyb is moderately wounded.
Ijyb zaps a wand.
You are blasted!
Ouch! That really hurt!
You die...

.......# #.#.# #.# .......#
#.#.# #.# .......# #.#.# #.#
.......# #.#.# #.# #####.##
#.#.# #.# #.# #.#.# #.# #.#
#.#.# #.# #####.#### #.#.# #.#
.........# #.#@# #.#
#####.##.#####.#g# #.#
#...)......#.# #.#
#..#.#######.# #.###########
#..#.# #.# #............
#######.#######.# ##########.##
................# #.#
#######.#####################.#
#.......................#


You could see Ijyb.

Vanquished Creatures
  Grinder (D:3)
  A jelly (D:2)
  Terence (D:3)
  2 adders (D:2)
  A worm (D:2)
  3 dart slugs
  3 leopard geckos
  3 orcs
  3 bats
  2 giant cockroaches
  7 goblins
  4 hobgoblins
  2 jackals (D:1)
  2 frilled lizards
  4 kobolds
  5 rats
44 creatures vanquished.

Vanquished Creatures (others)
  4 plants (D:1)
4 creatures vanquished.

Grand Total: 48 creatures vanquished

Notes
Turn   | Place    | Note
-------+----------+-------------------------------------------
     0 | D:1      | Zeld the Octopode Fighter began the quest for the Orb.
     0 | D:1      | Reached XP level 1. HP: 16/16 MP: 1/1
   226 | D:1      | Reached XP level 2. HP: 21/21 MP: 2/2
   439 | D:1      | Reached skill level 1 in Axes
  1109 | D:1      | HP: 1/21 [hobgoblin/+0 club (8)]
  1534 | D:2      | Reached XP level 3. HP: 26/26 MP: 3/3
  1546 | D:2      | Reached skill level 1 in Throwing
  1593 | D:2      | Reached skill level 1 in Spellcasting
  1770 | D:2      | Reached XP level 4. HP: 29/31 MP: 4/6
  1963 | D:2      | Found a faded altar of an unknown god.
  2279 | D:3      | Found a sparkling altar of Nemelex Xobeh.
  2284 | D:3      | Noticed Terence
  2307 | D:3      | Killed Terence
  2312 | D:3      | Reached XP level 5. HP: 9/36 MP: 8/8
  2729 | D:3      | Noticed Grinder
  2737 | D:3      | Killed Grinder
  2738 | D:3      | Reached XP level 6. HP: 38/42 MP: 11/11
  3420 | D:3      | Noticed Ijyb
  3434 | D:3      | Blown up by Ijyb

Illustrated notes

Levels and vault maps discovered:
D:1:      minmay_arrival_glassed_features, layout_basic, serial_bayou_lake_a
D:2:      layout_rooms, chequers_ecumenical_altar_simple, kennysheep_donut,
          minmay_vboxes
D:3:      layout_basic, nemelex_xobeh_ov_fountains_minmay, uniq_ijyb,
          uniq_grinder, uniq_terence

Skill      XL: |  1  2  3  4  5 |
---------------+----------------+-----
Axes           | 1 |  1.0
Throwing       | 2 3 |  3.9
Spellcasting   | 1 2 3 |  3.5
Fighting       | |  3.2
Dodging        | |  3.0
Shields        | |  3.2
Unarmed Combat | |  2.0

Action                   |  1- 3 |  4- 6 || total
-------------------------+-------+-------++-------
Melee: Hand axe          |    54 |    50 ||   104
       Constrict         |    17 |    10 ||    27
       Tentacles         |    11 |     9 ||    20
Throw: Boomerang         |       |     4 ||     4
  Use: Scroll            |       |     7 ||     7
       Potion            |       |     1 ||     1
 Stab: Sleeping          |     3 |     1 ||     4
Armor: Skin              |    10 |     3 ||    13
Dodge: Dodged            |    36 |    13 ||    49
Block: Kite shield       |    23 |    21 ||    44
